General information
			
			
        
        - name: BNet
 
        - type: Ladder 1vs1/FFA
 
        - host: Battle.net
 
        - saver: GCValentine
 
        
map: CentaurGrove 
        - players: 2
 
        - length: 05:20
 
        - speed: Fast
 - version: 1.22 W3XP
 - replay type:  Public
 
» download(11 KB)
Players
        team 1 (loser) 
              
              
» 
docb (
green | 10 APM | 50 actions | 05:09)
              
 1 Crypt Lord 
 1 Carrion Beetles
 
                » actions 
                
                | Build / train | 6 |  | 
| Enter build submenu | 8 |  | 
| Enter hero's abilities submenu | 1 |  | 
| Right click | 11 |  | 
| Select / deselect | 16 |  | 
| Use ability | 8 |  | 
                50 total
 » units 
                » buildings
                
                | Ziggurat | 3 |  | 
| Altar of Darkness | 1 |  | 
| Crypt | 2 |  | 
| Graveyard | 1 |  | 
                7 total
 » build order
                00:19 Ziggurat
00:28 Altar of Darkness
00:47 Crypt
01:21 Ziggurat
01:36 Graveyard
01:48 Ziggurat
02:39 Crypt
 
               team 2 (winner) 
              
              
GCValentine (
orange | 36 APM | 195 actions | 05:20)
              
 2 Blademaster 
 1 Wind Walk
 1 Critical Strike
 
                » actions 
                
                | Build / train | 17 |  | 
| Enter build submenu | 7 |  | 
| Enter hero's abilities submenu | 3 |  | 
| Right click | 88 |  | 
| Select / deselect | 71 |  | 
| Use ability | 8 |  | 
                195 total
 » units 
                » upgrades
                » buildings
                
                | Altar of Storms | 1 |  | 
| Orc Burrow | 4 |  | 
| Barracks | 1 |  | 
| Voodoo Lounge | 1 |  | 
| Stronghold | 1 |  | 
                8 total
 » build order
                00:06 Altar of Storms
00:19 Orc Burrow
00:41 Barracks
01:41 Orc Burrow
02:23 Voodoo Lounge
03:18 Orc Burrow
04:59 Stronghold
05:05 Orc Burrow
 
                Chat log
          
(03:14 / All) docb: lame
(03:40 / All) docb: i think thaat's the most boring stategy
(03:52 / All) GCValentine: orc is the most boring race then
(04:01 / All) GCValentine: im sorry that attacking is boring
(04:22 / All) docb: i'm sorry you live 
(04:37 / All) GCValentine: that is not very chill bro
(05:04 / All) docb: gg taco luver